 Seeded DCSS version 0.29-a0-90-gc37658a0fe (webtiles) character file.

Game seed: 8072079268813559338 (custom seed)

728 innerfire433 the Magician (level 7, -3/36 HPs)
             Began as a Deep Elf Air Elementalist on Feb 6, 2022.
             Slain by Pikel (6 damage)
             ... on level 4 of the Dungeon.
             The game lasted 00:08:59 (4220 turns).

innerfire433 the Magician (DEAE)                    Turns: 4220, Time: 00:09:01

Health: -3/36      AC:  3    Str: 10    XL:     7   Next: 44%
Magic:  6/19       EV: 12    Int: 26    God:
Gold:   133        SH:  0    Dex: 15    Spells: 18/19 levels left

rFire   + + .      SeeInvis .   k - +0 whip (pain)
rCold   . . .      Faith    .   (no shield)
rNeg    . . .      Spirit   .   r - +0 robe "Narum" {rF+ Str+3 Int+6}
rPois   .          Reflect  .   (no helmet)
rElec   .          Harm     .   (no cloak)
rCorr   .          Rampage  .   t - +0 pair of gloves
Will    +....                   (no boots)
Stlth   ++........              s - amulet of regeneration
HPRegen 0.92/turn               i - ring of willpower
MPRegen 0.16/turn               p - ring of protection from fire

@: no status effects
A: no striking features
a: no special abilities


You were on level 4 of the Dungeon.
You visited 1 branch of the dungeon, and saw 5 of its levels.

You collected 133 gold pieces.

Inventory:

Hand Weapons
 k - a +0 whip of pain (weapon)
Armour
 a - a +0 robe
 r - the +0 robe "Narum" (worn) {rF+ Str+3 Int+6}
   (You found it on level 4 of the Dungeon)

   Str:       It affects your strength (+3).
   Int:       It affects your intelligence (+6).
   rF:        It protects you from fire.
 t - a +0 pair of gloves (worn)
Jewellery
 g - a ring of positive energy
 i - a ring of willpower (left hand)
 p - a ring of protection from fire (right hand)
 s - an amulet of regeneration (around neck)
Scrolls
 b - 2 scrolls of silence
 c - a scroll of blinking
 d - 2 scrolls of vulnerability {unknown}
 e - 2 scrolls of enchant weapon {unknown}
 m - a scroll of noise {unknown}
 o - a scroll of identify
 q - a scroll of teleportation
Potions
 f - a potion of magic {unknown}
 h - a potion of attraction {unknown}
 j - 2 potions of brilliance
 l - a potion of heal wounds
 n - 2 potions of flight


   Skills:
 - Level 2.6 Dodging
 - Level 2.7 Stealth
 + Level 6.8 Spellcasting
 + Level 5.1 Conjurations
 + Level 5.5 Air Magic


You had 18 spell levels left.
You knew the following spells:

 Your Spells              Type           Power      Damage    Failure   Level
a - Shock                 Conj/Air       100%       1d9       1%          1

Your spell library contained the following spells:

 Spells                   Type           Power      Damage    Failure   Level
 Static Discharge         Conj/Air       36%        N/A       1%          2
 Swiftness                Air            37%        N/A       1%          3
 Freeze                   Ice            32%        1d5       6%          1
 Airstrike                Air            18%        N/A       6%          4
 Call Canine Familiar     Summ           8%         N/A       19%         3
 Frozen Ramparts          Ice            16%        1d3       19%         3
 Portal Projectile        Hex/Tloc       16%        N/A       19%         3
 Hailstorm                Conj/Ice       22%        3d7       22%         4
 Leda's Liquefaction      Hex/Erth       4%         N/A       54%         4


Dungeon Overview and Level Annotations

Branches:
Dungeon (5/15)
 Temple: D:4-7

Altars:
Cheibriados

Shops:
D:2 !

Annotations:
D:4 Pikel


Message History

Aiming: Shock (safe; 1% risk of failure)
Press: ? - help, Shift-Dir - straight line The zap hits Pikel!
Pikel is severely wounded.
Pikel barely misses you.
Casting: Shock (safe; 1% risk of failure)
Confirm with . or Enter, or press ? or * to list all spells.
Aiming: Shock (safe; 1% risk of failure)
Press: ? - help, Shift-Dir - straight line The zap hits Pikel.
Pikel is severely wounded.
Pikel hits you with a +1 whip of freezing!
* * * LOW HITPOINT WARNING * * *
Pikel freezes you.
* * * LOW HITPOINT WARNING * * *
You feel much better.
Pikel hits you with a +1 whip of freezing!
Pikel freezes you.
Casting: Shock (safe; 1% risk of failure)
Confirm with . or Enter, or press ? or * to list all spells.
Aiming: Shock (safe; 1% risk of failure)
Press: ? - help, Shift-Dir - straight line The zap hits Pikel.
Pikel is severely wounded.
Pikel hits you with a +1 whip of freezing!
* * * LOW HITPOINT WARNING * * *
Pikel freezes you.
* * * LOW HITPOINT WARNING * * *
Casting: Shock (safe; 1% risk of failure)
Confirm with . or Enter, or press ? or * to list all spells.
Aiming: Shock (safe; 1% risk of failure)
Press: ? - help, Shift-Dir - straight line That beam is likely to hit you.
Continue anyway?
The zap hits Pikel.
Pikel is almost dead.
The zap hits Pikel.
Pikel is almost dead.
The zap misses you.
Pikel hits you with a +1 whip of freezing.
You die...

####### ##......##.#####.###.##
**##.....##.........#.#
###≈≈#.....##...........##
#≈≈≈≈##..####.........#...
#≈##≈*#.>...#<#####..##.##
#≈≈##*#####.#######..##.# #####
#≈≈≈#####...##..........# #...#
#≈≈≈≈#≈..K.≈≈≈≈......####
#...###≈≈≈≈.≈≈≈@≈≈≈.≈≈≈≈...+##
#......≈≈≈≈≈≈≈≈≈≈.≈≈≈≈≈≈≈≈...#
##......≈≈≈≈≈≈≈≈≈≈≈≈≈≈≈≈≈≈≈≈..#
........≈≈≈≈≈≈.≈≈≈≈≈≈.≈≈≈≈≈≈#.#
.....##..≈.........≈..≈#≈.≈≈#.#
.....###.########.##...#≈≈≈≈#.#
.....###.# #......#≈≈≈≈#.###
.........# ####...#≈≈≈##....
###.###..# #...##≈###.###


You could see Pikel.

Vanquished Creatures
  Grinder (D:3)
  Eustachio (D:4)
  The ghost of soggyman666 the Firebug, an amateur DgFE (D:4)
  2 lemures (D:5)
  A wyvern zombie (D:5)
  A gnoll shaman (D:4)
  A centaur skeleton (D:4)
  4 gnolls (D:4)
  7 adders
  A worm (D:3)
  A dart slug (D:2)
  An orc (D:3)
  9 bats
  5 endoplasms
  3 giant cockroaches
  3 goblins
  6 hobgoblins
  4 jackals (D:3)
  3 kobolds
  2 quokkas
  7 ball pythons
  8 frilled lizards
  5 rats
77 creatures vanquished.

Notes
Turn   | Place    | Note
-------+----------+-------------------------------------------
     0 | D:1      | innerfire433 the Deep Elf Air Elementalist began the quest
                  | for the Orb.
     0 | D:1      | Reached XP level 1. HP: 10/10 MP: 6/6
   248 | D:1      | Reached XP level 2. HP: 15/15 MP: 6/8
   806 | D:2      | Found a faded altar of an unknown god.
   838 | D:2      | Found Ucsyahar's Distillery.
   854 | D:2      | Reached XP level 3. HP: 11/19 MP: 0/10
  1208 | D:2      | Reached skill level 4 in Spellcasting
  1407 | D:2      | Reached XP level 4. HP: 24/24 MP: 8/12
  1820 | D:3      | Noticed Grinder
  1831 | D:3      | Killed Grinder
  1832 | D:3      | Reached skill level 5 in Spellcasting
  1832 | D:3      | Reached XP level 5. HP: 21/28 MP: 0/14
  1832 | D:3      | Reached XP level 6. HP: 24/32 MP: 0/16
  2578 | D:4      | Identified the +0 robe "Narum" {rF+ Str+3 Int+6}
  2609 | D:4      | Noticed Eustachio
  2625 | D:4      | Killed Eustachio
  2858 | D:4      | Reached skill level 6 in Spellcasting
  2858 | D:4      | Reached skill level 5 in Air Magic
  2952 | D:4      | Reached XP level 7. HP: 13/36 MP: 9/18
  2978 | D:4      | HP: 2/54 [gnoll shaman (6)]
  3286 | D:4      | Found a runed translucent door.
  3412 | D:4      | Noticed soggyman666's ghost (amateur DgFE)
  3441 | D:4      | Killed soggyman666's ghost
  3442 | D:4      | Reached skill level 5 in Conjurations
  3871 | D:4      | Found a snail-covered altar of Cheibriados.
  4118 | D:5      | Entered Level 5 of the Dungeon
  4188 | D:5      | Noticed Pikel
  4218 | D:4      | HP: 1/36 [Pikel (5)]
  4220 | D:4      | Slain by Pikel

Illustrated notes

Levels and vault maps discovered:
D:1:      lemuel_arrival_hallway, layout_basic, amcnicky_mini_pool_small,
          minmay_lizard_pond
D:2:      layout_rooms, basic_ecumenical_altar, serial_shops,
          nicolae_shop_temple_entry_statues_fountains
D:3:      wander_river, layout_rooms, uniq_grinder
D:4:      layout_basic, lemuel_doored_altar, serial_rivers,
          chequers_serial_rivers_large_a, chequers_serial_rivers_small_3,
          chequers_serial_rivers_room_b, chequers_serial_rivers_small_b,
          chequers_serial_rivers_marsh, chequers_serial_rivers_small_3,
          gammafunk_ghost_grave, uniq_eustachio
D:5:      layout_basic, serial_undead, serial_undead_d, serial_undead_d,
          serial_undead_e, serial_undead_e, serial_undead_c,
          minmay_tree_intersection, corexii_hall_statues_i,
          minmay_chambers_of_fives, uniq_pikel, uniq_blork_the_orc, uniq_edmund,
          uniq_sigmund

Skill      XL: |  1  2  3  4  5  6  7 |
---------------+----------------------+-----
Conjurations   | 2 3 4 5 |  5.1
Spellcasting   | 4 5 6 |  6.8
Air Magic      | 4 5 |  5.5
Dodging        | |  2.6
Stealth        | |  2.7

Action                   |  1- 3 |  4- 6 |  7- 9 || total
-------------------------+-------+-------+-------++-------
Melee: Unarmed           |     3 |       |       ||     3
       Whip              |       |       |    18 ||    18
 Cast: Shock             |    80 |    78 |    41 ||   199
  Use: Potion            |       |     2 |     4 ||     6
       Scroll            |       |     1 |     6 ||     7
Armor: Robe              |     2 |     3 |     3 ||     8
       Skin              |       |     6 |    14 ||    20
Dodge: Dodged            |    20 |    13 |    11 ||    44

Table legend: (Time is in decaauts)
 A = Elapsed time spent in this place.
 B = Non-inter-level travel time spent in this place.
 C = Inter-level travel time spent in this place.
 D = Time resting spent in this place.
 E = Time spent auto-exploring this place.
 F = Levels seen in this place.
 G = Mean time per level.
                   A        B        C        D        E       F      G
               +--------+--------+--------+--------+--------+-----+--------+
         Total |   4263 |   4068 |    195 |      0 |   3526 |   5 |  852.6 |
       Dungeon |   4263 |   4068 |    195 |      0 |   3526 |   5 |  852.6 |
               +--------+--------+--------+--------+--------+-----+--------+

Top non-repeatable levels by time:
     D:4: 1747 daAuts
     D:2: 847 daAuts
     D:1: 806 daAuts
     D:3: 771 daAuts
     D:5: 90 daAuts
